 Dungeon Crawl Stone Soup version 0.31.0-9-g3a7656b989 (webtiles) character file.

Game seed: 6701258869565705279

877 qw the Skirmisher (level 7, -12/35 HPs)
             Began as a Spriggan Hunter on Feb 2, 2024.
             Mangled by an orc warrior
             ... wielding a +0 dire flail
              (16 damage)
             ... on level 6 of the Dungeon.
             The game lasted 00:00:19 (4311 turns).

qw the Skirmisher (Spriggan Hunter)                 Turns: 4311, Time: 00:00:19

Health: -12/35     AC:  3    Str:  7    XL:     7   Next: 75%
Magic:  8/8        EV: 22    Int: 10    God:
Gold:   752        SH:  0    Dex: 21    Spells: 6/6 levels left

rFire   . . .        l - +0 orcbow
rCold   . . .        (shield currently unavailable)
rNeg    + . .        b - +0 robe {Will+}
rPois   .            (helmet restricted)
rElec   .            k - +0 cloak
rCorr   .            (gloves unavailable)
SInv    +            (boots unavailable)
Will    +++..        (no amulet)
Stlth   ++           d - ring of willpower
HPRegen 0.25/turn    m - ring of positive energy
MPRegen 0.11/turn

%: no passive effects
@: about to teleport, very quick
A: very small, no large weapons, unfitting armour, see invisible, speed 3
a: no special abilities


You were on level 6 of the Dungeon.
You visited 1 branch of the dungeon, and saw 6 of its levels.

You collected 987 gold pieces.
You spent 235 gold pieces at shops.


Innate Abilities, Weirdness & Mutations

You are very small and have problems with some larger weapons.
You are too small for most types of armour.
You have supernaturally acute eyesight. (SInv)
You cover ground extremely quickly. (Speed+++)


   Skills:
 - Level 2.0 Fighting
 - Level 8.2 Ranged Weapons
 + Level 7.0 Dodging
 - Level 1.5 Stealth


You had 6 spell levels left.
You didn't know any spells.
Your spell library was empty.

Inventory:

Hand Weapons
 l - a +0 orcbow (weapon)
Armour
 b - a +0 robe of willpower (worn)
 k - a +0 cloak (worn)
Jewellery
 d - a ring of willpower (left hand)
 f - a ring of flight
 m - a ring of positive energy (right hand)
Wands
 i - a wand of paralysis (3)
Scrolls
 h - a scroll of teleportation
Potions
 c - a potion of enlightenment
 e - a potion of curing
 g - a potion of might
 j - a potion of haste

Dungeon Overview and Level Annotations

Branches:
Dungeon (6/15)
 Temple: D:4-7

Altars:
Hepliaklqana
Ru
Uskayaw

Shops:
D:2 [:[:   D:4 *[==(


Message History

The orc warrior hits you with a +0 dire flail.
The orc wizard hits you but does no damage.
The orc hits you with a +0 dagger.
You shoot an arrow. The arrow hits the orc warrior!
The orc warrior is heavily wounded.
The orc warrior barely misses you. The orc closely misses you.
The orc wizard hits you but does no damage.
You shoot an arrow.
The arrow hits the orc warrior but does no damage.
The orc warrior is heavily wounded.
The orc warrior misses you.
The orc wizard hits you with a +0 dagger.
The orc misses you.
You shoot an arrow.
The arrow closely misses the orc warrior.
The orc warrior completely misses you. The orc completely misses you.
The orc wizard completely misses you.
You shoot an arrow. The arrow hits the orc warrior.
The orc warrior is severely wounded.
The orc warrior closely misses you. The orc closely misses you.
The orc wizard hits you with a +0 dagger.
You shoot an arrow. The arrow hits the orc warrior.
The orc warrior is severely wounded.
The orc warrior misses you. The orc completely misses you.
The orc wizard misses you.
You shoot an arrow.
The arrow hits the orc warrior but does no damage.
The orc warrior is severely wounded.
The orc warrior misses you.
The orc wizard gestures at you while chanting.
The magic dart hits you. The orc hits you with a +0 dagger.
4310 ||| READING 2 scrolls of teleportation.
As you read the scroll of teleportation, it crumbles to dust.
You feel strangely unstable. The orc warrior completely misses you.
The orc completely misses you. The orc wizard barely misses you.
You shoot an arrow. The arrow hits the orc warrior.
The orc warrior is almost dead.
The orc warrior hits you with a +0 dire flail!
You die...

#......#.###.#......#....#.##
#.....#.....###.....#...###..
#......#......#.###.#.###.#...
##.....#..<..#.....###...#..<.
#.###.#......#.(....#....#....
#.. .###.....#.....#.....#...#
#. .. #.###.#......#....#.###.
..#.. .###.....#...###...# #..
.. #@###.#.### ...# #.
..#ooo).###.. ...# #......# ..
..#. #.....#... .### ......#
.. ## ##.....# .###.#. # ####


You could see an orc warrior, an orc wizard (invisible) and an orc.

Vanquished Creatures
  A water moccasin (D:5)
  A black bear (D:5)
  A centaur (D:6)
  A scorpion (D:4)
  A jelly (D:6)
  2 bombardier beetles
  5 hounds
  2 iguanas
  An orc wizard (D:5)
  4 gnolls (D:6)
  7 adders
  2 shadow imps (D:5)
  4 ribbon worms
  3 dart slugs
  12 orcs
  4 endoplasms
  8 giant cockroaches
  4 hobgoblins
  3 jackals (D:5)
  10 kobolds
  2 quokkas
  6 ball pythons
  5 bats
  2 frilled lizards
  8 goblins
  8 rats
107 creatures vanquished.

Notes
Turn   | Place    | Note
-------+----------+-------------------------------------------
     0 | D:1      | qw the Spriggan Hunter began the quest for the Orb.
     0 | D:1      | Reached XP level 1. HP: 10/10 MP: 2/2
     0 | D:1      | 0 ||| qw: Version: 0.3-a-155-g5e7d8dd
     0 | D:1      | 0 ||| qw: Game counter: 2032
     0 | D:1      | 0 ||| qw: Melee chars always use a shield: true
     0 | D:1      | 0 ||| qw: God list: Okawaru
     0 | D:1      | 0 ||| qw: Allow faded altars: false
     0 | D:1      | 0 ||| qw: Do Orc after clearing Dungeon:15 true
     0 | D:1      | 0 ||| qw: Do second Lair branch before Depths: true
     0 | D:1      | 0 ||| qw: Lair rune preference: random
     0 | D:1      | 0 ||| qw: Goals: Normal
     0 | D:1      | 0 ||| PLANNING D:1-11
    27 | D:1      | Reached skill level 3 in Dodging
   101 | D:1      | Reached XP level 2. HP: 14/14 MP: 3/3
   634 | D:1      | Reached XP level 3. HP: 9/18 MP: 4/4
  1012 | D:1      | 1012 ||| UPGRADING to ring of willpower.
  1013 | D:1      | 1013 ||| READING scroll labelled VOARPHAI FYUGON.
  1013 | D:1      | 1013 ||| BRANDING +0 shortbow.
  1014 | D:1      | 1014 ||| READING 3 scrolls labelled WOOH ESSEWNE.
  1014 | D:1      | 1014 ||| IDENTIFYING golden potion
  1015 | D:1      | 1015 ||| READING 2 scrolls of identify.
  1015 | D:1      | 1015 ||| IDENTIFYING scroll labelled VEUNOS GI DORA
  1016 | D:1      | 1016 ||| READING scroll of identify.
  1016 | D:1      | 1016 ||| IDENTIFYING scroll labelled YGEW HASUG
  1017 | D:1      | 1017 ||| READING scroll labelled ZOJETT BEUBRA.
  1018 | D:1      | 1018 ||| DROPPING scroll of butterflies.
  1019 | D:1      | 1019 ||| DROPPING scroll of blinking.
  1020 | D:1      | 1020 ||| DROPPING potion of berserk rage.
  1129 | D:2      | Found Woojott's Book Shop.
  1398 | D:2      | Found Qyjaip's Armour Shoppe.
  1511 | D:2      | Reached skill level 5 in Ranged Weapons
  1589 | D:2      | You fall into a shaft and drop 1 floor!
  1610 | D:3      | 1610 ||| READING scroll of brand weapon.
  1610 | D:3      | 1610 ||| BRANDING +0 shortbow of electrocution.
  1640 | D:3      | Reached XP level 4. HP: 22/22 MP: 5/5
  1645 | D:3      | 1645 ||| READING scroll labelled GYREM MIYLY.
  1647 | D:3      | 1647 ||| READING scroll labelled CEKUJA SISUILOO.
  1813 | D:3      | Identified the staff of Conscience {Will+ Str+7 Dex-5 Ice
                  | Earth Alchemy}
  2321 | D:3      | 2321 ||| UPGRADING to ring of positive energy.
  2322 | D:3      | 2322 ||| READING scroll labelled LUHARE BETE.
  2323 | D:3      | 2323 ||| READING scroll labelled ZEATUU XOHENK.
  2424 | D:3      | 2424 ||| READING scroll labelled MEXZYLACEANG.
  2425 | D:3      | 2425 ||| READING scroll labelled ASOAQ FASU.
  2441 | D:2      | Reached XP level 5. HP: 26/26 MP: 6/6
  2443 | D:2      | Found Aniasam's Book Emporium.
  2501 | D:2      | Found Tuipuco's Armour Shop.
  2509 | D:2      | 2509 ||| BUYING +0 robe of willpower (92 gold).
  2509 | D:2      | Bought a +0 robe of willpower for 92 gold pieces
  2690 | D:2      | 2690 ||| UPGRADING to +0 robe of willpower.
  2700 | D:2      | 2700 ||| DROPPING +0 robe.
  3014 | D:3      | 3014 ||| READING 2 scrolls labelled GUYZOOG JEUD.
  3014 | D:3      | 3014 ||| ENCHANTING +0 shortbow of freezing.
  3015 | D:3      | 3015 ||| READING scroll of enchant weapon.
  3015 | D:3      | 3015 ||| ENCHANTING +1 shortbow of freezing.
  3016 | D:3      | 3016 ||| READING scroll labelled BONELUT WISU.
  3102 | D:4      | Found Ythityire's Jewellery Boutique.
  3114 | D:4      | 3114 ||| SHOPLISTING +6 ring of dexterity (432 gold, have
                  | 103).
  3114 | D:4      | 3114 ||| SHOPLISTING +6 ring of strength (432 gold, have
                  | 103).
  3114 | D:4      | 3114 ||| SHOPLISTING amulet of faith (480 gold, have 103).
  3114 | D:4      | 3114 ||| SHOPLISTING ring of poison resistance (240 gold,
                  | have 103).
  3114 | D:4      | 3114 ||| SHOPLISTING ring of positive energy (240 gold,
                  | have 103).
  3118 | D:4      | Found a hide-covered altar of Uskayaw.
  3121 | D:4      | Noticed a +0 dagger
  3121 | D:4      | Noticed a +0 hand axe
  3128 | D:4      | Found Yngok's Jewellery Boutique.
  3144 | D:4      | 3144 ||| SHOPLISTING +4 ring of protection (396 gold, have
                  | 103).
  3144 | D:4      | 3144 ||| SHOPLISTING amulet of the acrobat (330 gold, have
                  | 103).
  3144 | D:4      | 3144 ||| SHOPLISTING ring of positive energy (220 gold,
                  | have 103).
  3144 | D:4      | 3144 ||| SHOPLISTING ring of protection from fire (275
                  | gold, have 103).
  3157 | D:4      | Found Ymiqol's Weapon Shop.
  3167 | D:4      | 3167 ||| DRINKING 2 metallic golden potions.
  3273 | D:4      | Reached skill level 6 in Ranged Weapons
  3273 | D:4      | Reached XP level 6. HP: 30/30 MP: 7/7
  3426 | D:4      | Found Ypneqibe's Assorted Antiques.
  3444 | D:4      | 3444 ||| BUYING scroll labelled BECWU VERIEKKA (20 gold).
  3444 | D:4      | Bought a scroll labelled BECWU VERIEKKA for 20 gold pieces
  3444 | D:4      | 3444 ||| BUYING scroll labelled TIOGAO QAYRGH (20 gold).
  3444 | D:4      | Bought a scroll labelled TIOGAO QAYRGH for 20 gold pieces
  3444 | D:4      | 3444 ||| BUYING scroll of identify (40 gold).
  3444 | D:4      | Bought a scroll of identify for 40 gold pieces
  3566 | D:4      | Found Fychih's Armour Boutique.
  3576 | D:4      | 3576 ||| SHOPLISTING +0 cloak (63 gold, have 34).
  3576 | D:4      | 3576 ||| DROPPING amulet of magic regeneration.
  3577 | D:4      | 3577 ||| READING 4 scrolls of identify.
  3577 | D:4      | 3577 ||| IDENTIFYING clear potion
  3578 | D:4      | 3578 ||| READING 3 scrolls of identify.
  3578 | D:4      | 3578 ||| IDENTIFYING fuming ruby potion
  3579 | D:4      | 3579 ||| READING 2 scrolls of identify.
  3579 | D:4      | 3579 ||| IDENTIFYING white potion
  3580 | D:4      | 3580 ||| READING scroll of identify.
  3580 | D:4      | 3580 ||| IDENTIFYING glowing black potion
  3581 | D:4      | 3581 ||| READING scroll labelled BECWU VERIEKKA.
  3581 | D:4      | 3581 ||| ACQUIRING 706 gold pieces
  3581 | D:4      | Acquired 706 gold pieces
  3583 | D:4      | 3583 ||| BUYING +0 cloak (63 gold).
  3583 | D:4      | Bought a +0 cloak for 63 gold pieces
  3583 | D:4      | 3583 ||| UPGRADING to +0 cloak.
  3588 | D:4      | 3588 ||| READING 2 scrolls labelled TIOGAO QAYRGH.
  3589 | D:4      | 3589 ||| DRINKING 2 purple potions.
  3590 | D:4      | 3590 ||| DROPPING potion of ambrosia.
  3591 | D:4      | 3591 ||| DROPPING potion of lignification.
  3592 | D:4      | 3592 ||| DROPPING potion of brilliance.
  3593 | D:4      | 3593 ||| DROPPING scroll of fog.
  3614 | D:5      | Entered Level 5 of the Dungeon
  3626 | D:5      | Reached skill level 6 in Dodging
  3661 | D:5      | Found a hazy altar of Hepliaklqana.
  3688 | D:5      | Noticed a water moccasin
  3689 | D:5      | 3689 ||| DRINKING 2 potions of haste.
  3698 | D:5      | Killed a water moccasin
  3710 | D:5      | 3710 ||| FLEEEEING.
  3711 | D:5      | 3711 ||| FLEEEEING.
  3717 | D:5      | Reached skill level 7 in Ranged Weapons
  3717 | D:5      | Reached XP level 7. HP: 30/35 MP: 8/8
  3875 | D:5      | Found a sacrificial altar of Ru.
  4167 | D:5      | 4167 ||| READING scroll of identify.
  4167 | D:5      | 4167 ||| IDENTIFYING inky potion
  4199 | D:6      | 4199 ||| PLANNING OSSUARY
  4264 | D:6      | Reached skill level 8 in Ranged Weapons
  4272 | D:6      | 4272 ||| SWAPPING to +0 orcbow.
  4273 | D:6      | 4273 ||| DROPPING +2 shortbow of freezing.
  4309 | D:6      | HP: 5/35 [orc wizard/magic dart (6)]
  4310 | D:6      | 4310 ||| READING 2 scrolls of teleportation.
  4311 | D:6      | Mangled by an orc warrior

Levels and vault maps discovered:
D:1:      dpeg_arrival_subterranean_lakeside_camping, layout_basic
D:2:      layout_loops_corners, serial_shops, shop, shop,
          nicolae_shop_pleasant_corner_grove, shop
D:3:      layout_basic, minmay_checkerbox
D:4:      layout_rooms, dancing_weapons_uskayaw, serial_shops,
          nicolae_shop_tiny_waterfront, shop, shop, shop, nicolae_lakefront_shop
D:5:      layout_cave_pools, nicolae_ru_sacrificial_ziggurat,
          nicolae_hepliaklqana_hazy_memory
D:6:      nicolae_BIG_FREAKIN_CUBE, layout_loops_cross,
          minmay_temple_entry_drinking_statues, enter_ossuary_2,
          kennysheep_donut, kennysheep_crisscross

Skill      XL: |  1  2  3  4  5  6  7 |
---------------+----------------------+-----
Dodging        | 3 4 5 6 7 |  7.0
Ranged Weapons | 5 6 7 8 |  8.2
Fighting       | 2 |  2.0
Stealth        | |  1.5

Action                     |  1- 3 |  4- 6 |  7- 9 || total
---------------------------+-------+-------+-------++-------
   Fire: Shortbow          |   107 |   134 |    64 ||   305
         Orcbow            |       |       |    19 ||    19
    Use: Scroll            |     6 |    15 |     2 ||    23
         Potion            |       |     3 |       ||     3
 Armour: Robe              |     8 |     8 |    19 ||    35
  Dodge: Dodged            |    18 |    33 |    60 ||   111

Table legend:
 A = Non-vault XP
 B = Vault XP
 C = Vault XP percentage of total XP
 D = Non-vault monster count
 E = Vault monster count
 F = Vault count percentage of total count
                 A         B        C        D         E       F
            +---------+---------+-------+---------+---------+-------
      Total |    1235 |      19 |   1.5 |      97 |      10 |   9.3
            +---------+---------+-------+---------+---------+-------
        D:1 |      42 |       8 |  16.0 |      26 |       6 |  18.8
        D:2 |      62 |       0 |   0.0 |      16 |       0 |   0.0
        D:3 |      88 |      11 |  11.1 |      15 |       4 |  21.1
        D:4 |     197 |       0 |   0.0 |       9 |       0 |   0.0
        D:5 |     595 |       0 |   0.0 |      22 |       0 |   0.0
        D:6 |     251 |       0 |   0.0 |       9 |       0 |   0.0
            +---------+---------+-------+---------+---------+-------
